 Dungeon Crawl Stone Soup version 0.27.1 (webtiles) character file.

Game seed: 5966959470972035819

111 H0rd4k the Caller (level 4, -6/30 HPs)
             Began as a Barachi Summoner on Sept 1, 2021.
             Mangled by a killer bee (8 damage)
             ... on level 5 of the Dungeon.
             The game lasted 00:07:49 (5712 turns).

H0rd4k the Caller (Barachi Summoner)                Turns: 5712, Time: 00:07:50

Health: -6/30      AC:  2    Str: 10    XL:     4   Next: 92%
Magic:  9/9        EV: 12    Int: 16    God:
Gold:   209        SH:  0    Dex: 12    Spells: 6/10 levels left

rFire    . . .     SeeInvis .   k - +2 dagger (protect)
rCold    + . .     Faith    .   (no shield)
rNeg     . . .     Spirit   .   a - +0 robe
rPois    .         Reflect  .   (no helmet)
rElec    .         Harm     .   (no cloak)
rCorr    .         Rampage  .   (no gloves)
Will     .....                  (no boots)
Stlth    ++........             (no amulet)
HPRegen  0.10/turn              c - ring of protection from cold
MPRegen  0.11/turn              w - ring of flight

@: lethally poisoned (-6 -> -10), unable to hop, flying, slow
A: amphibious, slowness 1, strong legs 1, +LOS
a: Hop


You were on level 5 of the Dungeon.
You visited 1 branch of the dungeon, and saw 6 of its levels.
You also visited: Sewer.

You collected 209 gold pieces.

Inventory:

Hand Weapons
 k - a +2 dagger of protection (weapon)
Armour
 a - a +0 robe (worn)
Jewellery
 c - a ring of protection from cold (left hand)
 w - a ring of flight (right hand)
 z - a ring of positive energy
Scrolls
 b - a scroll of identify {unknown}
 e - a scroll of enchant weapon {unknown}
 f - a scroll of magic mapping {unknown}
 i - 2 scrolls of immolation {unknown}
 n - 2 scrolls of fog {unknown}
 r - a scroll of holy word {unknown}
 s - a scroll of enchant armour {unknown}
 u - a scroll of vulnerability {unknown}
 y - a scroll of teleportation {unknown}
Potions
 g - a potion of invisibility {unknown}
 h - a potion of heal wounds
 j - a potion of might
 l - a potion of haste {unknown}
 m - a potion of cancellation
 o - 4 potions of resistance {unknown}
 p - 2 potions of mutation {unknown}
 q - a potion of experience {unknown}
 t - a potion of curing {unknown}
 v - a potion of brilliance {unknown}
 x - a potion of lignification {unknown}


   Skills:
 + Level 2.2 Dodging
 - Level 1.7 Stealth
 * Level 3.5 Spellcasting
 * Level 6.4 Summonings


You had 6 spell levels left.
You knew the following spells:

 Your Spells              Type           Power      Damage    Failure   Level
a - Summon Small Mammal   Summ           92%        N/A       1%          1
b - Call Canine Familiar  Summ           23%        N/A       3%          3

Your spell library contained the following spells:

 Spells                   Type           Power      Damage    Failure   Level
 Call Imp                 Summ           23%        N/A       1%          2
 Summon Guardian Golem    Hex/Summ       13%        N/A       14%         3
 Animate Skeleton         Necr           4%         N/A       19%         1
 Apportation              Tloc           4%         N/A       19%         1
 Corona                   Hex            2%         N/A       19%         1
 Summon Lightning Spire   Summ/Air       13%        N/A       43%         4


Dungeon Overview and Level Annotations

Branches:
Dungeon (6/15)              Sewer (visited)
 Temple: D:4-7

Altars:
Trog
Vehumet

Annotations:
D:4 exclusion: sky beast
D:5 exclusion: 2 water moccasins, Edmund
D:6 exclusion: upstairs


Innate Abilities, Weirdness & Mutations

You are amphibious.
You cover ground slowly.
You can hop short distances.
You have an extended range of vision and can be seen from far away.


Message History

The killer bee stings you. The killer bee closely misses you.
You fly upwards.
Level annotation: exclusion: 2 water moccasins, Edmund The lemure hits you but does no damage.
The lemure closely misses you.
There is a stone staircase leading down here.
The killer bee closely misses you. The lemure hits you.
The killer bee closely misses you. The lemure hits you!
The killer bee stings you! The killer bee completely misses you.
The killer bee misses you.
Okay, then.
Unknown command.
It was a potion of might.
You feel very mighty all of a sudden. The killer bee stings you.
* * * LOW HITPOINT WARNING * * *
The killer bee completely misses you.
It was a potion of heal wounds.
You feel much better. The killer bee stings you.
You are poisoned.
The killer bee poisons you!
The killer bee stings you but does no damage.
You aren't carrying any items that you can evoke.
As you read the scroll labelled UDUAWA BEULEEWU, it crumbles to dust.
A profound silence engulfs you.
It was a scroll of silence.
You feel very sick. The killer bee barely misses you.
The killer bee stings you.
Magic scrolls do not work when you're silenced!
Unknown command.
Okay, then.
You feel sick. The killer bee misses you.
You cannot cast spells when silenced!
You feel sick. The killer bee barely misses you. The killer bee stings you!
It was a potion of cancellation.
Your magical effects are unravelling.
You feel magically purged.
You feel a little less mighty now.
Your hearing returns.
You feel sick. The killer bee stings you!
* * * LOW HITPOINT WARNING * * *
The killer bee stings you!
You die...

@...........###.############
......[.....#<#............#
......=.....#.#.##########.#
............#.#[.........#.###
.............(.....>.........#
..............##.#######.#####
..............##5#...5h#.#
..............##y#.###.#.#
..............##@#.# #.#.#
..............##.#5# #.#.#
..............##.#.###.#.#
(..........#.....##.#.#
..........####..##.#.# ...#
#..##.#.# ...# #..##.#.# ...#
#..##.#.# #..# #..##.#.#


You could see a lemure and a killer bee.

Vanquished Creatures
  An adder (D:2)
  2 ball pythons
  A bat (D:2)
4 creatures vanquished.

Vanquished Creatures (collateral kills)
  A hound (D:4)
  5 adders
  2 worms
  3 dart slugs (D:1)
  5 orcs
  6 endoplasms
  3 giant cockroaches (D:3)
  6 goblins
  6 hobgoblins
  6 jackals
  3 quokkas
  13 ball pythons
  3 bats
  2 frilled lizards (Sewer)
  13 kobolds
  4 rats
81 creatures vanquished.

Vanquished Creatures (others)
  11 plants (Sewer)
11 creatures vanquished.

Grand Total: 96 creatures vanquished

Notes
Turn   | Place    | Note
-------+----------+-------------------------------------------
     0 | D:1      | H0rd4k the Barachi Summoner began the quest for the Orb.
     0 | D:1      | Reached XP level 1. HP: 13/13 MP: 3/3
    97 | D:1      | Reached skill level 5 in Summonings
   238 | D:1      | Reached XP level 2. HP: 19/19 MP: 1/5
  1005 | D:2      | Reached XP level 3. HP: 17/24 MP: 1/7
  1021 | D:2      | Learned a level 3 spell: Call Canine Familiar
  1429 | D:2      | Found a faded altar of an unknown god.
  2470 | D:3      | Reached skill level 6 in Summonings
  2477 | D:3      | Found a glowing drain.
  2481 | Sewer    | Entered a sewer
  2497 | Sewer    | Reached XP level 4. HP: 30/30 MP: 1/8
  4368 | D:4      | Noticed a sky beast
  4497 | D:4      | Found a radiant altar of Vehumet.
  5007 | D:4      | Found a bloodstained altar of Trog.
  5411 | D:5      | Entered Level 5 of the Dungeon
  5419 | D:5      | Noticed Edmund
  5479 | D:5      | Noticed a water moccasin
  5552 | D:5      | Noticed a water moccasin
  5569 | D:5      | Noticed a lemure
  5712 | D:5      | Mangled by a killer bee

Illustrated notes

Levels and vault maps discovered:
D:1:      dpeg_arrival_round_c, layout_rooms, minmay_tall_x
D:2:      layout_loops_ring, basic_ecumenical_altar
D:3:      layout_basic, gup_sewer_entry_spiral
D:4:      layout_cave_pods, vehumet_crystals, mainiacjoe_overflow_boulevard
D:5:      layout_basic, eino_small_chamber_without_monster,
          uniq_crazy_yiuf_cottage, uniq_pikel, uniq_edmund
D:6:      old_forge, layout_loops_corners, minmay_manual_mess

Skill      XL: |  1  2  3 |
---------------+----------+-----
Summonings     | 5 6 |  6.4
Spellcasting   | 3 |  3.5
Dodging        | |  2.2
Stealth        | |  1.7

Action                   |  1- 3 |  4- 6 || total
-------------------------+-------+-------++-------
Melee: Unarmed           |    29 |       ||    29
       Dagger            |       |    12 ||    12
 Cast: Summon Small Mamm |   106 |    48 ||   154
       Call Canine Famil |     4 |    26 ||    30
 Abil: Hop               |       |     1 ||     1
  Use: Potion            |       |     3 ||     3
       Scroll            |       |     1 ||     1
 Stab: Distracted        |     1 |       ||     1
Armor: Robe              |    13 |     9 ||    22
Dodge: Dodged            |    46 |    30 ||    76
